 Dungeon Crawl Stone Soup version 0.19-a0-1178-gcc2d2a7 (webtiles) character file.

416916 PurpleRed the Sorcerer (level 22, -7/125 HPs)
             Began as a Deep Elf Conjurer on Aug 16, 2016.
             Was the Champion of Vehumet.
             Mangled by a sun demon (10 damage)
             ... on level 3 of a ziggurat on Aug 17, 2016.
             The game lasted 05:45:39 (43928 turns).

PurpleRed the Sorcerer (Deep Elf Conjurer)         Turns: 43928, Time: 05:45:39

Health: -7/125     AC: 12    Str:  5    XL:     22   Next: 26%
Magic:  26/62      EV: 19    Int: 29    God:    Vehumet [******]
Gold:   2431       SH:  8    Dex: 15    Spells: 15 memorised, 5 levels left

rFire  . . .     SeeInvis +     E - staff of conjuration
rCold  . . .     Gourm    .     M - +2 robe {Archmagi}
rNeg   + . .     Faith    .     Q - +3 warlock's mirror {reflect}
rPois  +         Spirit   .     s - +2 hat {MR+}
rElec  +         Dismiss  .     i - +1 cloak {rPois}
rCorr  +         Reflect  +     G - +0 pair of gloves of Gule {rElec Regen+ rCorr Slay-4}
MR     ++++.     Harm     .     P - +2 pair of boots of the Assassin {DetectMon Stab+ Stlth++}
Stlth  ++++......               y - amulet of regeneration
                                a - ring "Koeckuopn" {rN+ MR+ Int-2 SInv}
                                m - ring of magical power

@: no status effects
A: no striking features
a: Renounce Religion
}: 3/15 runes: decaying, slimy, gossamer


You were on level 3 of a ziggurat.
You worshipped Vehumet.
Vehumet was exalted by your worship.
You were hungry.

You visited 9 branches of the dungeon, and saw 44 of its levels.
You visited 1 ziggurat, and saw 3 of its levels.
You also visited: Trove, Sewer and Ice Cave.

You collected 4862 gold pieces.
You spent 2431 gold pieces at shops.

Inventory:

Hand Weapons
 X - the +6 scimitar of Flaming Death {sticky flame, rPois rF++ rC- MR+}
   (You took it off a fire giant on level 4 of the Depths)

   It has been specially enchanted to burn those struck by it, causing extra
   injury to most foes and up to half again as much damage against particularly
   susceptible opponents.
   Big, fiery blades are also staple armaments of hydra-hunters.
   It greatly protects you from fire.
   It makes you vulnerable to cold.
   It protects you from poison.
   It affects your resistance to hostile enchantments.
Armour
 d - a +0 buckler of positive energy
 i - a +1 cloak of poison resistance (worn)
 s - a +2 hat of magic resistance (worn)
 G - the +0 pair of gloves of Gule (worn) {rElec Regen+ rCorr Slay-4}
   (You found it on level 7 of the Dungeon)

   It affects your accuracy and damage with ranged weapons and melee attacks
   (-4).
   It insulates you from electricity.
   It increases your rate of regeneration.
   It protects you from acid and corrosion.
 M - a +2 robe of the Archmagi (worn)
 P - the +2 pair of boots of the Assassin (worn) {DetectMon Stab+ Stlth++}
   (You found it on level 2 of the Depths)

   It makes you much more stealthy.
 Q - the +3 warlock's mirror (worn) {reflect}
   (You acquired it on level 12 of the Dungeon)
 R - a +1 robe of resistance
Magical Staves
 D - an uncursed staff of earth
 E - an uncursed staff of conjuration (weapon)
 F - an uncursed staff of wizardry
Rods
 v - a +0 rod of inaccuracy (14/14)
   (You found it on level 1 of the Depths)
Jewellery
 a - the ring "Koeckuopn" (right hand) {rN+ MR+ Int-2 SInv}
   (You found it on level 13 of the Dungeon)

   [ring of protection from magic]

   It affects your intelligence (-2).
   It protects you from negative energy.
   It affects your resistance to hostile enchantments.
   It lets you see invisible.
 m - a ring of magical power (left hand)
 p - an uncursed ring of flight
 q - an uncursed ring of protection from cold
 w - an uncursed ring of protection from fire
 y - an amulet of regeneration (around neck)
 U - a +4 ring of evasion
Wands
 k - a wand of disintegration (14/24)
 V - a wand of digging (16/24)
 W - a wand of hasting (7/9)
Scrolls
 b - 3 scrolls of silence
 e - 20 scrolls of remove curse
 f - 2 scrolls of blinking
 h - 8 scrolls of magic mapping
 n - 3 scrolls of immolation
 x - 4 scrolls of recharging
 z - 12 scrolls of teleportation
 J - 11 scrolls of identify
 L - 3 scrolls of fear
 N - 3 scrolls of fog
Potions
 j - 4 potions of invisibility
 o - a potion of beneficial mutation {unknown}
 r - 8 potions of curing
 u - a potion of resistance
 A - 4 potions of agility
 B - 2 potions of brilliance
 C - 3 potions of heal wounds
 H - 5 potions of haste
 I - 4 potions of might
 O - 6 potions of ambrosia
 Y - 2 potions of cancellation
 Z - 2 potions of magic
Books
 T - a book of Enchantments

   Spells                             Type                      Level
   a - Cause Fear                     Hexes                        4
   b - Yara's Violent Unravelling     Hexes/Transmutation          5
   c - Silence                        Hexes/Air                    5
   d - Deflect Missiles               Charms/Air                   6
   e - Haste                          Charms                       6
   f - Discord                        Hexes                        8
Miscellaneous
 K - a phantom mirror
Comestibles
 c - 6 bread rations
 g - 5 beef jerkies
 l - 12 meat rations
 t - 8 fruits


   Skills:
 - Level 9.5 Fighting
 - Level 10.0 Dodging
 - Level 2.4 Stealth
 - Level 5.0 Shields
 + Level 25.5 Spellcasting
 - Level 21.5 Conjurations
 - Level 12.1 Charms
 - Level 6.9 Necromancy
 - Level 10.0 Fire Magic
 * Level 20.6 Earth Magic


You had 5 spell levels left.
You knew the following spells:

 Your Spells              Type           Power        Failure   Level  Hunger
a - Magic Dart            Conj           ####         0%          1    None
b - Searing Ray           Conj           ######       0%          2    None
c - Deflect Missiles      Chrm/Air       #######...   12%         6    None
d - Iskenderun's Battles  Conj/Chrm      ########     1%          5    None
e - Fireball              Conj/Fire      ########..   1%          5    None
f - Summon Butterflies    Summ           ######..     1%          1    None
g - Apportation           Tloc           ######....   1%          1    None
h - Haste                 Chrm           ########     1%          6    None
i - Orb of Destruction    Conj           #########.   1%          7    None
j - Delayed Fireball      Conj/Fire      N/A          1%          7    None
k - Bolt of Fire          Conj/Fire      ########..   1%          6    None
l - Lehudib's Crystal Sp  Conj/Erth      #########.   1%          8    ###....
m - Iron Shot             Conj/Erth      #########.   1%          6    None
n - Sublimation of Blood  Necr           #######...   1%          2    None
o - Shatter               Erth           ########..   4%          9    #####..


Dungeon Overview and Level Annotations

Branches:
Dungeon (15/15)            Temple (1/1) D:7            Lair (6/6) D:9
  Swamp (4/4) Lair:3       Spider (4/4) Lair:4        Slime (5/5) Lair:5
    Orc (2/2) D:12            Elf (3/3) Orc:2        Vaults (0/5) D:13
 Depths (4/5) D:15

Altars:
Ashenzari
Cheibriados
Dithmenos
Elyvilon
Fedhas
Gozag
Hepliaklqana
Kikubaaqudgha
Makhleb
Nemelex Xobeh
Okawaru
Qazlal
Ru
Sif Muna
Trog
Uskayaw
Vehumet
Xom
Yredelemnul
Zin
The Shining One
Beogh
Pakellas

Shops:
D:9 =   D:10 }   D:13 =   D:14 :   Orc:2 **[=(   Depths:4 [

Portals:
Hell: Depths:1 Depths:2 Depths:3 Depths:4
Abyss: Depths:4
Pandemonium: Depths:3


Message History

You feel your power returning.
You are feeling hungry.
The Tzitzimitl calls on the powers of darkness!
Your body is wracked with pain!
The sun demon hits you!
* * * LOW HITPOINT WARNING * * *
You are engulfed in flames!
* * * LOW HITPOINT WARNING * * *
Casting: Lehudib's Crystal Spear
Confirm with . or Enter, or press ? or * to list all spells.
Okay, then.
Unknown command.
Unknown command.
You feel much better.
The Tzitzimitl calls on the powers of darkness!
Your body is wracked with pain!
* * * LOW HITPOINT WARNING * * *
The sun demon hits you!
* * * LOW HITPOINT WARNING * * *
You are engulfed in flames!
You die...

▓▓▓▓▓▓▓▓▓
▓.......▓
▓▓▓.......▓▓▓
▓...........▓
▓.........()▓
▓........?[∩▓
▓∩...@..1(/>▓
▓.....3...(∩▓
▓.........%=▓
▓...........▓
▓▓▓.......▓▓▓
▓.......▓
▓▓▓▓▓▓▓▓▓


You could see a Tzitzimitl and a sun demon.

Vanquished Creatures
  the Royal Jelly (Slime:5)
  Dissolution (Slime:2)
  A Tzitzimitl (Depths:2)
  Rupert (Lair:5)
  A tentacled monstrosity (Depths:4)
  A pandemonium lord (Zig:3)
  20 acid blobs
  2 deep elf master archers (Elf:3)
  3 deep elf blademasters
  A thorn hunter (Swamp:4)
  2 shadow dragons (Depths:2)
  3 fire giants
  14 azure jellies
  5 ghost moths
  5 deep elf sorcerers
  Aizul (Swamp:2)
  2 frost giants
  6 emperor scorpions (Spider:4)
  An orc warlord (Orc:2)
  A deep elf elementalist (Elf:3)
  A curse skull (Depths:3)
  An iron dragon (Depths:4)
  Louise (Swamp:4)
  An angel (Depths:1)
  A draconian annihilator (Depths:3)
  21 very ugly things
  6 stone giants
  4 entropy weavers
  A black sun (Zig:1)
  3 vampire knights (Depths:2)
  7 deep elf demonologists
  13 deep elf annihilators
  8 ettins
  7 fire dragons
  5 spark wasps
  5 deep elf death magi
  2 yaktaur captains
  8 death oozes (Slime:5)
  6 great orbs of eyes
  2 deep elf high priests
  2 jiangshi
  Josephine (Orc:2)
  6 ice dragons
  5 vault guards (D:13)
  A hell beast (Depths:2)
  8 rakshasas
  2 spriggan air magi
  A caustic shrike simulacrum (Depths:2)
  A merfolk avatar (Swamp:3)
  22 hydras
  3 catoblepae (Lair:6)
  9 centaur warriors
  2 ghost crabs
  A death knight (D:15)
  18 dancing weapons
  8 alligators
  4 ogre magi
  10 death yaks (Lair:6)
  2 deep troll earth magi
  7 deep troll shamans
  3 tengu warriors
  2 vampire magi
  4 orc high priests (Orc:2)
  2 spriggan berserkers (Depths:3)
  6 soul eaters (Depths:3)
  20 deep elf knights
  10 hell knights (Depths:4)
  5 skeletal warriors (D:15)
  A sixfirhy (Depths:3)
  4 iron trolls
  A giant orange brain (Depths:3)
  3 shadow wraiths (Depths:2)
  9 hill giants
  4 spriggan druids (Swamp:4)
  An obsidian statue (Zig:2)
  11 deep trolls
  4 unseen horrors
  17 deep elf archers
  2 shambling mangroves
  12 swamp dragons
  Pikel (D:9)
  4 necromancers
  5 wizards
  4 shadow demons
  14 orb spiders
  7 orc knights
  7 orc sorcerers
  19 wolf spiders
  27 ugly things
  84 deep elf magi
  A salamander (shapeshifter) (D:13)
  6 hornets
  4 shining eyes
  8 cyclopes
  A manticore (D:14)
  Maurice (D:8)
  A moth of wrath (Spider:4)
  2 ice statues
  A spiny frog (shapeshifter) (Depths:3)
  2 eyes of devastation
  2 centaur zombies
  A spriggan zombie (Depths:2)
  A rust devil (Depths:2)
  15 spiny frogs
  4 black mambas
  Psyche (D:8)
  An orange demon (Depths:3)
  3 torpor snails
  4 centaur skeletons
  13 freezing wraiths
  13 demonic crawlers
  2 rime drakes
  A kobold demonologist (D:11)
  13 yaktaurs
  The ghost of Lasiace the Cudgeler, an amateur OgHu of the Shining One (D:5)
  3 efreet
  4 komodo dragons
  3 tengu conjurers
  A silent spectre (Depths:3)
  A meliai (shapeshifter) (Depths:1)
  A red devil (Depths:2)
  16 jumping spiders
  A polar bear (Lair:5)
  A wind drake (shapeshifter) (Depths:4)
  12 trolls
  3 bog bodies
  2 boulder beetles
  10 two-headed ogres
  5 giant leeches
  6 blink frogs
  116 slime creatures
  4 air elementals (Elf:2)
  3 centaur simulacra
  4 flying skulls
  9 shadows
  23 tarantellas
  50 redbacks
  A tarantella (shapeshifter) (Depths:1)
  2 ynoxinuls (Depths:3)
  7 wraiths
  2 water elementals (Elf:3)
  32 yaks
  4 spriggans
  A vampire (D:15)
  2 wyverns
  A yak (shapeshifter) (Elf:2)
  3 fire elementals
  6 hippogriffs
  A steam dragon (D:9)
  A basilisk (D:12)
  9 golden eyes
  A hungry ghost (D:15)
  Grum (D:8)
  26 vampire mosquitoes
  A warg (shapeshifter) (D:14)
  A warg (Orc:1)
  2 chaos spawn (Depths:4)
  3 soldier ants
  26 swamp worms
  3 mottled dragons
  7 insubstantial wisps
  12 water moccasins
  3 giant eyeballs
  5 porcupines
  11 swamp drakes
  21 ice beasts
  43 orc warriors
  4 large abominations (Depths:4)
  A black bear (shapeshifter) (Depths:3)
  2 sky beasts
  A black bear (D:9)
  4 slaves (D:9)
  8 eyes of draining
  2 phantoms
  An ettin simulacrum (Depths:2)
  8 wasps
  7 boggarts
  23 ogres
  10 wolves
  8 small abominations (Depths:4)
  15 crocodiles
  21 centaurs
  A big kobold (D:11)
  22 giant frogs
  3 earth elementals
  A wyvern zombie (D:8)
  A human simulacrum (Depths:2)
  A water moccasin zombie (D:7)
  2 scorpions
  10 killer bees
  An elephant simulacrum (IceCv)
  28 wights
  8 howler monkeys
  An electric eel (Lair:3)
  4 crimson imps
  5 draconian simulacra (IceCv)
  A giant frog zombie (D:11)
  18 orc priests
  3 giant frog skeletons (D:12)
  7 jellies
  29 orc wizards
  7 hounds
  13 iguanas
  Natasha (twice) (D:4)
  3 polar bear simulacra (IceCv)
  3 troll simulacra (IceCv)
  A statue (D:5)
  13 worker ants
  30 sheep
  A hound zombie (D:8)
  The ghost of Ryco the Firebug, a weakling DEFE (D:3)
  2 worker ant zombies
  5 ogre simulacra (IceCv)
  14 adders
  5 naga simulacra (IceCv)
  48 river rats
  6 shadow imps
  12 white imps (IceCv)
  4 oozes
  An adder skeleton (D:9)
  4 worms
  A dart slug (D:3)
  3 giant geckos
  102 orcs
  6 ball pythons
  7 bats
  7 giant cockroaches
  5 goblins
  4 hobgoblins
  14 jackals
  9 kobolds
  2 quokkas
  A bat (shapeshifter) (Depths:2)
  15 giant newts
  16 rats
  A fungus (Lair:4)
  A plant (Lair:6)
1829 creatures vanquished.

Vanquished Creatures (collateral kills)
  A deep elf high priest (Elf:3)
  3 death yaks (Lair:6)
  A sheep (Lair:6)
  3 river rats (Lair:6)
8 creatures vanquished.

Vanquished Creatures (others)
  2 deep elf archers
  A deep elf mage (Elf:3)
  A spiny frog (Zig:2)
  2 yaktaurs
  A human (D:13)
  An electric eel (D:14)
  15 fungi
  30 plants
53 creatures vanquished.

Grand Total: 1890 creatures vanquished

Notes
Turn   | Place    | Note
-------+----------+-------------------------------------------
     0 | D:1      | PurpleRed the Deep Elf Conjurer began the quest for the Orb.
     0 | D:1      | Reached XP level 1. HP: 10/10 MP: 6/6
   202 | D:1      | Reached XP level 2. HP: 15/15 MP: 1/8
   206 | D:1      | Learned a level 2 spell: Searing Ray
   581 | D:1      | Reached skill level 5 in Conjurations
   924 | D:2      | Reached XP level 3. HP: 19/19 MP: 7/10
  1279 | D:2      | Found a stormy altar of Qazlal.
  1423 | D:3      | Reached skill level 4 in Spellcasting
  1559 | D:3      | Reached XP level 4. HP: 24/24 MP: 10/12
  1574 | D:3      | Learned a level 4 spell: Iskenderun's Mystic Blast
  1584 | D:3      | Noticed Ryco's ghost (weakling DEFE)
  1641 | D:3      | Killed Ryco's ghost
  1947 | D:3      | Reached XP level 5. HP: 28/28 MP: 10/14
  1962 | D:3      | Learned a level 5 spell: Iskenderun's Battlesphere
  2021 | D:3      | Reached skill level 5 in Spellcasting
  2021 | D:3      | Reached skill level 1 in Charms
  2150 | D:4      | Reached XP level 6. HP: 29/32 MP: 1/16
  2419 | D:4      | Noticed Natasha
  2425 | D:4      | Killed Natasha
  2457 | D:4      | Found a hide-covered altar of Uskayaw.
  2457 | D:4      | Found an opulent altar of Gozag.
  2458 | D:4      | Found a hazy altar of Hepliaklqana.
  2559 | D:4      | Found a glowing drain.
  2615 | Sewer    | Entered a sewer
  3133 | D:4      | Noticed Natasha
  3143 | D:4      | Killed Natasha
  3168 | D:4      | Reached XP level 7. HP: 36/36 MP: 10/17
  3193 | D:5      | Entered Level 5 of the Dungeon
  3250 | D:5      | Found a glowing golden altar of the Shining One.
  3284 | D:5      | Found a shattered altar of Ashenzari.
  3288 | D:5      | Reached skill level 6 in Spellcasting
  3312 | D:5      | Found a radiant altar of Vehumet.
  3325 | D:5      | Became a worshipper of Vehumet
  3685 | D:5      | Noticed Lasiace's ghost (amateur OgHu)
  3741 | D:5      | Killed Lasiace's ghost
  3741 | D:5      | Reached skill level 7 in Spellcasting
  3741 | D:5      | Reached skill level 5 in Charms
  3741 | D:5      | Reached XP level 8. HP: 28/41 MP: 3/20
  3971 | D:6      | Found a sacrificial altar of Ru.
  4227 | D:6      | Found a burning altar of Makhleb.
  4605 | D:7      | Found a sparkling altar of Nemelex Xobeh.
  4679 | D:7      | Noticed a hill giant
  4876 | D:7      | Killed a hill giant
  4876 | D:7      | Reached * piety under Vehumet
  4876 | D:7      | Offered knowledge of Shock by Vehumet.
  4876 | D:7      | Reached skill level 8 in Spellcasting
  4876 | D:7      | Reached skill level 10 in Conjurations
  4876 | D:7      | Reached XP level 9. HP: 45/45 MP: 12/23
  4978 | D:7      | Got a pair of blackened gloves
  4995 | D:7      | Identified the cursed +0 pair of gloves of Gule {rElec Regen+ rCorr Slay-4} (You found it on level 7 of the Dungeon)
  5060 | D:7      | Reached skill level 9 in Spellcasting
  5077 | D:7      | Got a polished war axe
  5100 | D:7      | Identified the +10 war axe "Iwnuac" {vamp, rElec rPois Str-3 Dex+7} (You found it on level 7 of the Dungeon)
  5445 | D:7      | Found a staircase to the Ecumenical Temple.
  5454 | Temple   | Entered the Ecumenical Temple
  5630 | D:8      | Noticed Grum
  5634 | D:8      | Killed Grum
  5799 | D:8      | Noticed Maurice
  5803 | D:8      | Killed Maurice
  5803 | D:8      | Reached XP level 10. HP: 50/50 MP: 8/25
  5816 | D:8      | Noticed Psyche
  5819 | D:8      | Killed Psyche
  5819 | D:8      | Reached skill level 10 in Spellcasting
  5889 | D:8      | Offered knowledge of Freeze by Vehumet.
  6233 | D:9      | Found Doec's Jewellery Shoppe.
  6241 | D:9      | Bought an uncursed ring of see invisible for 150 gold pieces
  6247 | D:9      | Found a staircase to the Lair.
  6261 | D:9      | Reached ** piety under Vehumet
  6335 | D:9      | Found a burning altar of Makhleb.
  6346 | D:9      | Noticed Pikel
  6370 | D:9      | Killed Pikel
  6370 | D:9      | Reached skill level 1 in Fighting
  6397 | D:9      | Found a bloodstained altar of Trog.
  7032 | D:9      | Found a white marble altar of Elyvilon.
  7063 | D:9      | Reached skill level 11 in Spellcasting
  7149 | D:10     | Entered Level 10 of the Dungeon
  7202 | D:10     | Offered knowledge of Ignite Poison by Vehumet.
  7208 | D:10     | Learned a level 3 spell: Ignite Poison
  7303 | D:10     | Reached skill level 1 in Fire Magic
  7303 | D:10     | Reached *** piety under Vehumet
  7339 | D:10     | Found Oru Umocw's Gadget Emporium.
  7394 | D:10     | Noticed an unseen horror
  7399 | D:10     | Killed an unseen horror
  7399 | D:10     | Reached XP level 11. HP: 41/57 MP: 12/28
  8097 | D:10     | Offered knowledge of Olgreb's Toxic Radiance by Vehumet.
  8228 | D:11     | Found a shadowy altar of Dithmenos.
  8228 | D:11     | Noticed a purple ugly thing
  8238 | D:11     | Killed a purple ugly thing
  8293 | D:11     | Noticed a hill giant
  8299 | D:11     | Killed a hill giant
  8429 | D:11     | Noticed a seven-headed hydra
  8433 | D:11     | Killed a seven-headed hydra
  8529 | D:11     | Noticed a white ugly thing
  8536 | D:11     | Killed a white ugly thing
  8651 | D:11     | Reached skill level 12 in Spellcasting
  8651 | D:11     | Reached skill level 5 in Fire Magic
  9056 | D:11     | Got a heavily runed ring mail
  9068 | D:11     | Identified the +1 ring mail of Misanthropy {+Fly rC+ Regen+} (You found it on level 11 of the Dungeon)
  9092 | D:11     | Reached **** piety under Vehumet
  9096 | D:11     | Noticed a hill giant
  9100 | D:11     | Killed a hill giant
  9148 | D:11     | Offered knowledge of Conjure Flame by Vehumet.
  9207 | D:11     | You fall through a shaft!
  9217 | D:12     | Identified a scroll of acquirement
  9232 | D:12     | Found a staircase to the Orcish Mines.
  9444 | D:12     | Reached skill level 1 in Shields
  9599 | D:12     | Learned a level 1 spell: Summon Butterflies
  9601 | D:12     | Learned a level 1 spell: Apportation
  9640 | D:12     | You fall through a shaft for 2 floors!
  9692 | D:14     | Found Jovvimo's Book Emporium.
  9698 | D:14     | Bought a book of Enchantments for 550 gold pieces
  9700 | D:14     | Noticed an unseen horror
  9706 | D:14     | Killed an unseen horror
  9714 | D:14     | Learned a level 6 spell: Haste
  9778 | D:14     | Noticed a hill giant
  9785 | D:14     | Killed a hill giant
  9785 | D:14     | Reached XP level 12. HP: 62/62 MP: 27/30
  9954 | D:13     | Found a sparkling altar of Nemelex Xobeh.
 10382 | D:12     | Noticed a fire dragon
 10420 | D:12     | Noticed a centaur warrior
 10572 | D:12     | Reached ***** piety under Vehumet
 10618 | D:12     | Noticed an ogre mage
 10629 | D:12     | Killed an ogre mage
 10707 | D:12     | Found a white marble altar of Elyvilon.
 10750 | D:12     | Offered knowledge of Ozocubu's Refrigeration by Vehumet.
 10944 | D:12     | Killed a centaur warrior
 10989 | D:12     | Killed a fire dragon
 10989 | D:12     | Reached skill level 13 in Spellcasting
 10989 | D:12     | Reached skill level 10 in Fire Magic
 11123 | D:13     | Noticed a centaur warrior
 11124 | D:13     | Killed a centaur warrior
 11124 | D:13     | Reached skill level 15 in Conjurations
 11241 | D:13     | Noticed a rakshasa
 11250 | D:13     | Killed a rakshasa
 11321 | D:13     | Noticed a seven-headed hydra
 11336 | D:13     | Killed a seven-headed hydra
 11336 | D:13     | Reached skill level 5 in Shields
 11336 | D:13     | Reached XP level 13. HP: 66/66 MP: 11/32
 11520 | D:13     | Found Juoqible's Jewellery Shoppe.
 11763 | D:13     | Reached skill level 14 in Spellcasting
 11772 | D:13     | Got a bound lapis lazuli ring
 11775 | D:13     | Identified the ring "Koeckuopn" {rN+ MR+ Int-2 SInv} (You found it on level 13 of the Dungeon)
 11892 | D:13     | Reached skill level 5 in Dodging
 11997 | D:13     | Found a gate to the Vaults.
 12566 | D:14     | Offered knowledge of Orb of Destruction by Vehumet.
 12575 | D:14     | Learned a level 7 spell: Orb of Destruction
 12847 | D:15     | Entered Level 15 of the Dungeon
 13071 | D:15     | Reached skill level 15 in Spellcasting
 13071 | D:15     | Reached XP level 14. HP: 72/72 MP: 20/35
 13808 | D:15     | Noticed a frost giant
 13815 | D:15     | Killed a frost giant
 14053 | D:15     | Found a staircase to the Depths.
 14059 | Depths:1 | Entered Level 1 of the Depths
 14356 | Orc:1    | Entered Level 1 of the Orcish Mines
 14400 | Orc:1    | Found a roughly hewn altar of Beogh.
 14597 | Orc:1    | Offered knowledge of Delayed Fireball by Vehumet.
 14629 | D:12     | Learned a level 7 spell: Delayed Fireball
 15270 | Orc:2    | Entered Level 2 of the Orcish Mines
 15423 | Orc:2    | Noticed Josephine
 15459 | Orc:2    | Killed Josephine
 16333 | Orc:2    | Reached skill level 16 in Spellcasting
 16336 | Orc:2    | Reached ****** piety under Vehumet
 16388 | Orc:2    | Noticed an orc warlord
 16639 | Orc:2    | Killed an orc warlord
 16837 | Orc:2    | Found Edonil's Antique Armour Emporium.
 16838 | Orc:2    | Found Diamm's Antique Weapon Shoppe.
 16839 | Orc:2    | Found Bezurevuu's General Store.
 16839 | Orc:2    | Found Vagesaiss's Jewellery Emporium.
 16854 | Orc:2    | Bought a runed hat for 136 gold pieces
 16855 | Orc:2    | Bought an ancient falchion for 168 gold pieces
 16903 | Orc:2    | Identified the +5 falchion "Enunnih" {venom, rElec rPois rF-} (You bought it in a shop on level 2 of the Orcish Mines)
 16918 | Orc:2    | Bought an uncursed ring of poison resistance for 260 gold pieces
 16918 | Orc:2    | Bought an uncursed ring of protection from fire for 325 gold pieces
 16968 | Orc:2    | Found a staircase to the Elven Halls.
 16978 | Orc:2    | Found Zoxioq's General Store.
 17163 | Elf:1    | Entered Level 1 of the Elven Halls
 17163 | Elf:1    | Noticed a deep elf sorcerer
 17259 | D:12     | Offered knowledge of Bolt of Fire by Vehumet.
 17352 | Lair:1   | Entered Level 1 of the Lair of Beasts
 17498 | Lair:1   | Learned a level 6 spell: Bolt of Fire
 17705 | Lair:1   | Reached skill level 10 in Dodging
 17708 | Lair:1   | Reached XP level 15. HP: 76/76 MP: 37/37
 18506 | Lair:3   | Found a frozen archway.
 18648 | IceCv    | Entered an ice cave
 18666 | IceCv    | Offered knowledge of Conjure Ball Lightning by Vehumet.
 19164 | IceCv    | Found an ancient bone altar of Kikubaaqudgha.
 19836 | Lair:3   | Found a staircase to the Swamp.
 20335 | Lair:4   | Offered knowledge of Freezing Cloud by Vehumet.
 20335 | Lair:4   | Reached skill level 17 in Spellcasting
 20388 | Lair:4   | Found a hole to the Spider Nest.
 21152 | Lair:5   | Noticed Rupert
 21163 | Lair:5   | Killed Rupert
 21209 | Lair:5   | Found a staircase to the Slime Pits.
 21614 | Lair:6   | Entered Level 6 of the Lair of Beasts
 22062 | Lair:6   | Reached skill level 5 in Fighting
 22274 | Lair:6   | Offered knowledge of Spellforged Servitor by Vehumet.
 22741 | Lair:6   | Learned a level 7 spell: Spellforged Servitor
 23295 | Elf:1    | Killed a deep elf sorcerer
 23295 | Elf:1    | Reached skill level 18 in Spellcasting
 23295 | Elf:1    | Reached XP level 16. HP: 88/88 MP: 28/40
 24346 | Elf:1    | Offered knowledge of Lehudib's Crystal Spear by Vehumet.
 24346 | Elf:1    | Offered knowledge of Chain Lightning by Vehumet.
 24346 | Elf:1    | Offered knowledge of Tornado by Vehumet.
 24790 | Elf:2    | Reached skill level 19 in Spellcasting
 24947 | Elf:2    | Found a runed gate.
 24948 | Elf:2    | Found a runed gate.
 24949 | Elf:2    | Found a runed gate.
 25673 | Elf:2    | Noticed a deep elf blademaster
 25712 | Elf:2    | Killed a deep elf blademaster
 25712 | Elf:2    | Reached XP level 17. HP: 99/99 MP: 20/42
 25738 | Elf:3    | Entered Level 3 of the Elven Halls
 25832 | Elf:3    | Got a faintly glowing robe
 25854 | Elf:3    | Identified the cursed +0 robe of Disappointment {rN++} (You found it on level 3 of the Elven Halls)
 26576 | Elf:3    | Noticed a deep elf blademaster
 26817 | Elf:3    | Killed a deep elf blademaster
 26829 | Elf:3    | Reached skill level 20 in Spellcasting
 27008 | Elf:3    | Reached skill level 10 in Charms
 27069 | Elf:3    | Noticed a deep elf master archer
 27085 | Elf:3    | Killed a deep elf master archer
 27301 | Elf:3    | Got a wavering emerald amulet
 27313 | Elf:3    | Identified the amulet "Akkits" {Faith rF- Int+7 Dex+2} (You took it off a deep elf demonologist on level 3 of the Elven Halls)
 27917 | Elf:3    | Identified a +2 rod of shadows (14/14) (You took it off a deep elf knight on level 3 of the Elven Halls)
 27927 | Elf:3    | Noticed a deep elf blademaster
 27929 | Elf:3    | Noticed a deep elf master archer
 27958 | Elf:3    | Killed a deep elf blademaster
 27971 | Elf:3    | Killed a deep elf master archer
 28260 | Elf:3    | Reached XP level 18. HP: 106/106 MP: 37/44
 28267 | Elf:3    | Got a flickering platinum ring
 28286 | Elf:3    | Lost strength.
 28286 | Elf:3    | Identified the ring of Happiness {rCorr MR++ Str-5} (You took it off a deep elf mage on level 3 of the Elven Halls)
 28370 | Elf:3    | Learned a level 5 spell: Fireball
 28408 | Elf:3    | Got an ancient robe
 28419 | Elf:3    | Identified the +3 robe of Sloth {-Cast rF+++ Str-4 Stlth+} (You found it on level 3 of the Elven Halls)
 28434 | Elf:3    | Identified the Incunabulum of Calling and Clay
 28565 | Orc:2    | Upgraded the game from 0.19-a0-1168-g98094fc to 0.19-a0-1178-gcc2d2a7
 28572 | Orc:2    | Learned a level 6 spell: Iron Shot
 28704 | D:14     | Bought the Papyrus of Dislocated Stones for 842 gold pieces
 28947 | Spider:1 | Entered Level 1 of the Spider Nest
 28966 | Spider:1 | Reached skill level 1 in Earth Magic
 29731 | Spider:2 | Reached skill level 21 in Spellcasting
 29883 | Spider:2 | Reached skill level 5 in Earth Magic
 29912 | Spider:2 | Got an ichor-stained scale mail
 30565 | Spider:2 | HP: 4/106 [redback (8)]
 30567 | Spider:2 | HP: 1/106 [poisoned by a redback]
 31641 | Spider:4 | Entered Level 4 of the Spider Nest
 32611 | Spider:4 | Reached skill level 10 in Earth Magic
 32779 | Spider:4 | Got a gossamer rune of Zot
 32959 | Swamp:1  | Entered Level 1 of the Swamp
 33042 | Swamp:1  | Learned a level 8 spell: Lehudib's Crystal Spear
 33282 | Swamp:1  | Reached skill level 22 in Spellcasting
 33581 | Swamp:2  | Identified the cursed +1 scale mail "Ezohik" {Int+7} (You found it on level 2 of the Spider Nest)
 33674 | Swamp:2  | Noticed Aizul
 33681 | Swamp:2  | Killed Aizul
 33681 | Swamp:2  | Reached XP level 19. HP: 110/110 MP: 39/47
 34806 | Swamp:4  | Entered Level 4 of the Swamp
 35063 | Swamp:4  | Noticed Louise
 35075 | Swamp:4  | Killed Louise
 35559 | Swamp:4  | Got a decaying rune of Zot
 35798 | Slime:1  | Entered Level 1 of the Pits of Slime
 36011 | Slime:2  | Noticed Dissolution
 36236 | Slime:2  | Killed Dissolution
 36236 | Slime:2  | Reached skill level 23 in Spellcasting
 36673 | Slime:5  | Entered Level 5 of the Pits of Slime
 36689 | Slime:5  | Reached XP level 20. HP: 105/116 MP: 34/49
 36716 | Slime:5  | Reached skill level 15 in Earth Magic
 36724 | Slime:5  | Noticed the Royal Jelly
 37297 | Slime:5  | Killed the Royal Jelly
 37737 | Slime:5  | Got a slimy rune of Zot
 37814 | Slime:5  | Identified the Almanac of Twisted Transmigration
 37819 | Slime:5  | Learned a level 2 spell: Sublimation of Blood
 37829 | Slime:5  | Learned a level 9 spell: Shatter
 37835 | Slime:5  | Got a shimmering ring mail
 37846 | Slime:5  | Identified the +3 ring mail of the Fifty Demons {rC+ Str-4 Dex+2} (You found it on level 5 of the Pits of Slime)
 38765 | Depths:1 | Reached skill level 1 in Necromancy
 38773 | Depths:1 | Reached skill level 24 in Spellcasting
 39043 | Depths:1 | Found a gateway to a ziggurat.
 39111 | Depths:1 | Found a gateway to Hell.
 39404 | Depths:1 | Identified a +0 rod of inaccuracy (14/14) (You found it on level 1 of the Depths)
 40174 | Depths:2 | Found a shadowy altar of Dithmenos.
 40178 | Depths:2 | Noticed a Tzitzimitl
 40181 | Depths:2 | Killed a Tzitzimitl
 40181 | Depths:2 | Reached XP level 21. HP: 120/120 MP: 47/51
 40212 | Depths:2 | Reached skill level 5 in Necromancy
 40700 | Depths:2 | Found a portal to a secret trove of treasure.
 40704 | Depths:2 | You showed the slimy rune of Zot to enter a treasure trove
 40705 | Trove    | Entered a treasure trove
 40714 | Trove    | Got an encrusted hat
 40725 | Trove    | Identified the +0 hat of the Enchanted Forest {-Tele +Inv Int+7} (You found it in a treasure trove)
 40754 | Trove    | Got a pair of dazzling gloves
 40765 | Trove    | Identified the +1 pair of gloves of the Princeling {+Inv MR+ Str+2} (You found it in a treasure trove)
 40776 | Trove    | Got a steaming hat
 40787 | Trove    | Identified the -2 hat "Lemaboopn" {rC++ MR- Str+6} (You found it in a treasure trove)
 40800 | Trove    | Identified a +1 pair of boots of running (You found it in a treasure trove)
 40808 | Trove    | Got a pair of faintly glowing gloves
 40814 | Trove    | Identified the +0 pair of gloves of the Wilderness {+Inv Dex+4} (You found it in a treasure trove)
 41521 | Depths:3 | Found a one-way gate leading to the halls of Pandemonium.
 42055 | Depths:3 | Reached skill level 25 in Spellcasting
 42864 | Depths:4 | Learned a level 6 spell: Deflect Missiles
 42873 | Depths:4 | Reached XP level 22. HP: 107/125 MP: 45/53
 43113 | Depths:4 | Found Veghits's Antique Armour Shoppe.
 43581 | Depths:4 | Found a one-way gate to the infinite horrors of the Abyss.
 43869 | Zig:1    | Entered Level 1 of a ziggurat
 43889 | Zig:2    | Entered Level 2 of a ziggurat
 43906 | Zig:2    | Identified Qoinurat's Volume of Cold and Intoxication
 43916 | Zig:3    | Entered Level 3 of a ziggurat
 43919 | Zig:3    | Noticed Lehyud the pandemonium lord
 43927 | Zig:3    | Killed Lehyud the pandemonium lord
 43928 | Zig:3    | HP: 3/125 [sun demon (13)]
 43928 | Zig:3    | Mangled by a sun demon

Vault maps used:
D:1:      minmay_arrival_five_plusses
D:2:      lemuel_coloured_pillars_altar
D:3:      grunt_ministairs_12, minmay_close_crescents
D:4:      gammafunk_temple_overflow_claw, portal_sewer_entry_c, first_bread,
          serial_bayou, serial_bayou_ford_a, serial_bayou_shore_a,
          serial_bayou_lagoon_b, serial_bayou_pond_d, uniq_natasha
D:5:      lemuel_crystal_altar, nicolae_overflow_crystal_walls, vehumet_statue
D:6:      nicolae_ru_awakened_eye, basic_altar
D:7:      hangedman_cross_stitches, kennysheep_little_box
D:8:      uniq_maurice, uniq_grum, uniq_psyche
D:9:      old_standard_altar, overflow_temple_1_default, lemuel_crystal_altar,
          david_lair_shrubbed, serial_shops, shop, hangedman_pestilent_swarm,
          uniq_pikel
D:10:     serial_shops, nicolae_shop_trees
D:11:     grunt_dithmenos_smoke
D:12:     dragon1_lemuel, orc_0_dummy, basic_altar, lemuel_nasty_fountain
D:13:     minmay_bloctagon_deflated, grunt_vaults_entry_fortified, serial_shops,
          kennysheep_mini_moat, basic_altar
D:14:     serial_shops, nicolae_shop_stone, minmay_misc_feat_tiny,
          serial_bayou_lagoon_a
D:15:     grunt_enter_depths_snipers, serial_park_square3, minivault_14,
          minivault_16
Temple:   eino_temple_lava
Lair:3:   nicolae_swamp_entry_splash_gauntlet, portal_ice_cave_entry_ice_beasts
Lair:4:   spider_nest_entry_a
Lair:5:   nicolae_slime_entry_slimehenge, uniq_rupert
Lair:6:   evilmike_catoblepas_cave, pond
Swamp:1:  evilmike_swamp_ruin_house_5
Swamp:2:  cheibrodos_swamp_heart_of_darkness, nicolae_swamp_round_clearing,
          uniq_aizul
Swamp:3:  evilmike_swamp_ruin_house_3, swamp_pool3, grunt_lady_of_the_lake
Swamp:4:  swamp, uniq_louise
Spider:3: nicolae_spider_cling_ruins
Spider:4: grunt_spider_rune_circles
Slime:2:  uniq_dissolution
Orc:1:    minmay_orc_temple_a
Orc:2:    st_orc_congregation, serial_shops,
          nicolae_shop_temple_entry_statues_fountains, uniq_josephine
Elf:1:    minmay_elf_arrival_circle, minmay_elf_crystal_heptagon
Elf:3:    grunt_elf_hall_asides
Depths:1: enter_ziggurat_d, pf_vacation_house_of_asmodeus, wad_floor_pattern_1,
          lemuel_flamethrower_1, firewood_loft, serial_bayou_shore_b
Depths:2: regret_index_dithmenos_brocken_genspenst, grunt_mini_vestibule,
          enter_trove_3
Depths:3: evilmike_wizard_prison, pf_hell_entry_tar_spiral,
          rand_demon_pan_entry_9, grunt_ministairs_10, nrook_mini_vaults,
          serial_sigils_hangedman_scar, minmay_parallelograms
Depths:4: kennysheep_cluttered_fort, minmay_misc_feat_roman, serial_shops, shop,
          grunt_hell_entry_dis_mu, minmay_room_of_horrors, spider_trap,
          basic_stair_grate_trap
Trove:    trove_armour_1
Sewer:    sewer_co_cracked_pipes
IceCv:    ice_cave_small_necro

Skill      XL: |  1  2  3  4  5  6  7  8  9 10 11 12 13 14 15 16 17 18 19 20 21 |
---------------+----------------------------------------------------------------+-----
Conjurations   | 5 6 7 9 10 12 13 14 15 17 18 19 20 21 | 21.5
Spellcasting   | 4 5 7 8 9 11 12 13 15 16 18 19 20 22 23 24 25 | 25.5
Charms         | 2 3 5 7 9 12 | 12.1
Fighting       | 2 6 8 9 |  9.5
Dodging        | 3 7 10 | 10.0
Fire Magic     | 1 8 10 | 10.0
Shields        | 2 5 |  5.0
Earth Magic    | 10 14 17 20 | 20.6
Necromancy     | 4 6 |  6.9
Stealth        | |  2.4

Action                   |  1- 3 |  4- 6 |  7- 9 | 10-12 | 13-15 | 16-18 | 19-21 | 22-24 || total
-------------------------+-------+-------+-------+-------+-------+-------+-------+-------++-------
Melee: Unarmed           |     1 |     1 |       |       |       |       |       |       ||     2
       Flail             |       |    26 |     4 |       |     9 |       |       |       ||    39
       Staff             |       |       |     1 |     3 |     2 |     1 |    13 |       ||    20
       Falchion          |       |       |       |       |       |       |    18 |       ||    18
Throw: Javelin           |       |    13 |       |       |       |       |       |       ||    13
 Cast: Magic Dart        |    66 |    65 |    90 |   206 |   673 |   416 |   189 |       ||  1705
       Searing Ray       |     2 |    23 |    16 |    56 |    87 |    67 |    36 |       ||   287
       Iskenderun's Batt |       |     1 |    27 |    73 |   155 |   128 |    80 |       ||   464
       Iskenderun's Myst |       |       |     6 |    45 |   115 |   108 |     6 |       ||   280
       Haste             |       |       |       |       |     3 |     9 |     4 |       ||    16
       Delayed Fireball  |       |       |       |       |    16 |     9 |       |       ||    25
       Orb of Destructio |       |       |       |       |     2 |     2 |     1 |       ||     5
       Bolt of Fire      |       |       |       |       |    25 |    74 |   173 |     6 ||   278
       Spellforged Servi |       |       |       |       |     2 |       |       |       ||     2
       Fireball          |       |       |       |       |       |    63 |   292 |    25 ||   380
       Sublimation of Bl |       |       |       |       |       |       |    43 |     6 ||    49
       Lehudib's Crystal |       |       |       |       |       |       |    29 |    16 ||    45
       Iron Shot         |       |       |       |       |       |       |    15 |     5 ||    20
       Shatter           |       |       |       |       |       |       |     1 |     1 ||     2
 Abil: Release Delayed F |       |       |       |       |    15 |     9 |       |       ||    24
Evoke: Rod               |       |       |       |       |       |     1 |       |       ||     1
       Wand              |       |       |       |       |       |     1 |    11 |     2 ||    14
  Use: Scroll            |       |       |    19 |    10 |    10 |    19 |     8 |     1 ||    67
       Potion            |       |       |       |     2 |     2 |     5 |     5 |     1 ||    15
 Stab: Sleeping          |       |     3 |       |       |       |       |       |       ||     3
  Eat: Chunk             |     2 |     5 |    11 |    21 |    38 |    15 |    21 |     3 ||   116
       Fruit             |       |       |     1 |       |       |       |     1 |     2 ||     4
       Pizza             |       |       |     1 |     1 |     1 |     1 |     1 |       ||     5
       Bread ration      |       |       |     1 |       |       |     2 |     2 |       ||     5
       Beef jerky        |       |       |     1 |       |       |     1 |       |     1 ||     3
       Royal jelly       |       |       |       |     1 |     5 |     5 |       |       ||    11
Armor: Robe              |     3 |    15 |     1 |     5 |     6 |    55 |    37 |     4 ||   126
       Leather armour    |       |       |     2 |       |       |       |       |       ||     2
       Ring mail         |       |       |       |     4 |     6 |       |       |       ||    10
       Skin              |       |       |       |       |    12 |       |       |       ||    12
Dodge: Dodged            |     8 |    66 |    11 |    50 |   121 |   229 |   115 |    14 ||   614
Block: Buckler           |       |       |       |    11 |    82 |   142 |    60 |     9 ||   304
       Reflection        |       |       |       |     1 |    22 |    22 |     8 |     2 ||    55
